 Dungeon Crawl Stone Soup version 0.31.0-12-g77e489cdc1 (webtiles) character file.

Game seed: 2317310115262397856

185957 octoduck the Brawler (level 17, -9/175 HPs)
             Began as a Troll Fighter on Feb 16, 2024.
             Was a High Priest of Wu Jian.
             Mangled by a deep troll (16 damage)
             ... on level 1 of the Depths on Feb 17, 2024.
             The game lasted 02:21:14 (37386 turns).

octoduck the Brawler (Troll Fighter)               Turns: 37386, Time: 02:21:15

Health: -9/175     AC: 11    Str: 34    XL:     17   Next: 42%
Magic:  20/20      EV: 16    Int:  6    God:    Wu Jian [*****.]
Gold:   2540       SH: 13    Dex: 13    Spells: 18/22 levels left

rFire   + +          +
                       - Unarmed
rCold   . . .        b - +1 kite shield
rNeg    . . .        B - +0 fire dragon scales
rPois   .            L - +0 hat
rElec   .            Q - +0 cloak of Vuaptoce {rF+ rC+}
rCorr   .            (gloves unavailable)
SInv    .            (boots unavailable)
Will    +....        M - amulet of regeneration Stlth
                     v - +6 ring of strength
HPRegen 2.09/turn    n - +5 ring of evasion
MPRegen 0.17/turn

%: no passive effects
@: no status effects
A: large, unfitting armour, claws 3, regeneration 1, shaggy fur 1, tough skin 1
}: 1/15 runes: barnacled
a: Renounce Religion, Wall Jump, Serpent's Lash, Heavenly Storm


You were on level 1 of the Depths.
You worshipped Wu Jian.
Wu Jian was extremely pleased with you.
You visited 6 branches of the dungeon, and saw 28 of its levels.
You also visited: Ossuary and Bailey.

You collected 3921 gold pieces.
You spent 1381 gold pieces at shops.

Inventory:

Hand Weapons
 N - a +4 scimitar of flaming
Missiles
 a - 3 atropa-tipped darts
 e - 27 poisoned darts (quivered)
 t - 19 javelins
 P - 11 silver javelins
 X - 3 curare-tipped darts
Armour
 b - a +1 kite shield (worn)
 B - +0 fire dragon scales (worn)
 F - +0 acid dragon scales
 I - a +1 robe of willpower
 L - a +0 hat (worn)
 Q - the +0 cloak of Vuaptoce (worn) {rF+ rC+}
   (You bought it in a shop on level 2 of the Orcish Mines)

   rF+:       It protects you from fire.
   rC+:       It protects you from cold.
 R - +0 ice dragon scales
Jewellery
 d - an amulet of reflection
 i - a ring of poison resistance
 l - a ring of protection from cold
 n - a +5 ring of evasion (right claw)
 r - a ring of fire
 v - a +6 ring of strength (left claw)
 H - a ring of see invisible
 M - an amulet of regeneration (around neck)
 V - the ring of Kuatritt {rF+ rC+ Stlth+}
   (You took it off a tengu conjurer on level 10 of the Dungeon)

   [ring of protection from fire]

   rF+:       It protects you from fire.
   rC+:       It protects you from cold.
   Stlth+:    It makes you more stealthy.
Wands
 k - a wand of digging (16)
 m - a wand of flame (47)
 p - a wand of polymorph (15)
 s - a wand of paralysis (20)
 S - a wand of light (2)
Scrolls
 f - 7 scrolls of enchant armour
 h - 6 scrolls of amnesia
 o - 10 scrolls of teleportation
 u - 5 scrolls of noise
 w - 3 scrolls of immolation
 x - 2 scrolls of enchant weapon
 y - a scroll of torment
 A - a scroll of silence
 C - 2 scrolls of summoning
 G - 3 scrolls of poison
 T - 3 scrolls of revelation
 U - a scroll of blinking
Potions
 c - 2 potions of might
 g - 13 potions of curing
 j - 7 potions of lignification
 q - 6 potions of haste
 z - 3 potions of mutation
 D - 4 potions of attraction
 E - a potion of enlightenment
 J - 2 potions of invisibility
 K - 3 potions of brilliance
 Y - a potion of cancellation
Miscellaneous
 O - a phantom mirror (inert)


   Skills:
 + Level 12.6 Fighting
 - Level 5.5 Throwing
 - Level 9.9 Dodging
 + Level 13.5 Shields
 * Level 19.9 Unarmed Combat
 - Level 3.3 Spellcasting
 - Level 5.5 Translocations


You had 18 spell levels left.
You knew the following spells:

 Your Spells              Type           Power      Damage    Failure   Level
a - Blink                 Tloc           14%        N/A       19%         2
b - Lesser Beckoning      Tloc           14%        N/A       19%         2

Your spell library contained the following spells:

 Spells                   Type           Power      Damage    Failure   Level
 Momentum Strike          Conj/Tloc      8%         3d8       50%         2
 Foxfire                  Conj/Fire      0%         2x1d4     75%         1
 Sandblast                Erth           0%         2d4       75%         1
 Volatile Blastmotes      Fire/Tloc      8%         2d10      75%         3
 Cigotuvi's Dreadful Rot  Necr/Alch/Air  0%         N/A       87%         2
 Ensorcelled Hibernation  Hex/Ice        0%         N/A       87%         2
 Dazzling Flash           Conj/Hex       0%         N/A       98%         3
 Hailstorm                Conj/Ice       0%         3d5       98%         3
 Passwall                 Erth           0%         N/A       98%         3
 Stone Arrow              Conj/Erth      0%         3d7       98%         3
 Summon Ice Beast         Ice/Summ       0%         N/A       98%         3
 Swiftness                Air            0%         N/A       98%         3
 Brom's Barrelling Bould  Conj/Erth      0%         2d3       100%        4
 Dispel Undead            Necr           0%         3d6       100%        4
 Ignite Poison            Fire/Alch      0%         N/A       100%        4
 Martyr's Knell           Necr/Summ      0%         N/A       100%        4
 Summon Blazeheart Golem  Fire/Summ      0%         N/A       100%        4
 Freezing Cloud           Conj/Ice/Air   0%         6-21      100%        5
 Death Channel            Necr           0%         N/A       100%        6
 Plasma Beam              Fire/Air       0%         2x1d10    100%        6
 Sculpt Simulacrum        Ice/Alch       0%         N/A       100%        6
 Starburst                Conj/Fire      0%         6d3       100%        6
 Orb of Destruction       Conj           0%         9d5       100%        7
 Ozocubu's Refrigeration  Ice            0%         4d7       100%        7
 Spellforged Servitor     Conj/Summ      0%         N/A       100%        7
 Maxwell's Capacitive Co  Air            0%         ∞         100%        8
 Polar Vortex             Ice            0%         N/A       100%        9


Dungeon Overview and Level Annotations

Branches:
Dungeon (15/15)            Temple (1/1) D:5            Lair (5/5) D:8
 Shoals (4/4) Lair:3       Spider (0/4) Lair:2        Slime (0/5) Lair:4
    Orc (2/2) D:10            Elf (0/3) Orc:2        Vaults (0/5) D:14
 Depths (1/4) D:15        Ossuary (visited)          Bailey (visited)

Altars:
Ashenzari
Cheibriados
Dithmenos
Elyvilon
Fedhas
Gozag
Hepliaklqana
Kikubaaqudgha
Makhleb
Nemelex Xobeh
Okawaru
Qazlal
Ru
Sif Muna
Trog
Uskayaw
Vehumet
Wu Jian
Xom
Yredelemnul
Zin
The Shining One

Shops:
D:5 [   D:12 *   Orc:2 (*[:   Shoals:3 (

Portals:
Hell: Depths:1
Pandemonium: Depths:1
Ziggurat: Depths:1

Annotations:
D:2 1 runed translucent door, Crazy Yiuf
Lair:1 3 runed translucent doors, Taxzan's ghost, journeyman MiGl


Innate Abilities, Weirdness & Mutations

You are too large for most types of armour.
You have claws for hands.
Your natural rate of healing is unusually fast.
You are covered in fur. (AC +1)
You have tough skin. (AC +1)


Message History

The deep troll bites you but does no damage.
The deep troll claws you! x2
The white ugly thing tentacle-slaps you.
The white ugly thing freezes you!!
Unknown command.
The deep troll attacks as it pursues you!
The deep troll bites you!!
* * * LOW HITPOINT WARNING * * *
The deep troll barely misses you. You block the deep troll's attack.
The white ugly thing attacks as it pursues you!
The white ugly thing closely misses you.
You feel less exhausted.
The brown ugly thing basks in the mutagenic energy from its kin and changes!
The deep troll attacks as it pursues you!
The deep troll bites you!
* * * LOW HITPOINT WARNING * * *
You block the deep troll's attack. The deep troll claws you!
* * * LOW HITPOINT WARNING * * *
The white ugly thing basks in the mutagenic energy from its kin and changes!
The deep troll attacks as it pursues you!
The deep troll closely misses you. The deep troll claws you!
* * * LOW HITPOINT WARNING * * *
You block the deep troll's attack.
Aiming: Bolt of Light
Press: ? - help, Shift-Dir - straight line, f - white ugly thing
Aim: a white ugly thing (71% to hit)
The bolt of light hits the deep troll!
The deep troll is moderately wounded.
The bolt of light hits the ice dragon!
The ice dragon is heavily wounded.
The ice dragon is blinded.
The bolt of light hits the deep troll!
The deep troll is heavily wounded.
The bolt of light hits the white ugly thing!
The white ugly thing is lightly wounded.
The white ugly thing is blinded.
The ice dragon breathes frost at you.
The blast of cold hits the deep troll!!
The blast of cold hits you!
* * * LOW HITPOINT WARNING * * *
The deep troll bites you!
You die...

############## ##(..........#
#...........# ############
####........# #..........#
#.....(....# #.####.###.#######
#.....∩....# .)...............#
#..........#
#.########+#####.####..........#
#.##........####...##.........##
..##........†...@#.##....######
.###....^...####T......### .
#......[.# #.#.##.## .
#........# #D#.##+#### .
#........## #T#.# .... ##
+........#.##u#.#.......
.###........#.u#u#.#.......
.>#####'######uu.#.#.......
.##.###.#######..#.#..........


You could see an ice dragon (blind, unable to see you, catching breath), 3 ugly
things and 2 deep trolls.

Vanquished Creatures
  Rupert (D:10)
  Jorgrun (D:13)
  Mlioglotl (Shoals:3)
  Kirke (D:14)
  A tengu reaver (Depths:1)
  Aizul (Shoals:2)
  An iron dragon (Depths:1)
  A fire giant (Depths:1)
  A frost giant (Depths:1)
  Ilsuiw (Shoals:3)
  2 stone giants (Depths:1)
  2 fire dragons
  8 merfolk impalers
  An ettin (Depths:1)
  5 hydras
  7 merfolk javelineers
  2 alligators (Shoals:2)
  3 ice dragons
  5 ogre magi
  2 vault guards (Bailey)
  A catoblepas (Lair:5)
  2 alligator snapping turtles
  4 centaur warriors
  Erica (D:8)
  3 merfolk aquamancers
  4 boulder beetles
  2 merfolk avatars
  5 death yaks
  5 tengu warriors
  A hell hog (Lair:5)
  22 two-headed ogres
  Urug (D:10)
  2 deep troll earth magi (Depths:1)
  An occultist (Depths:1)
  Sonja (D:12)
  A soul eater (Depths:1)
  A pharaoh ant (Lair:2)
  8 skysharks
  4 skeletal warriors (D:12)
  A deep troll (Depths:1)
  9 sea snakes
  An arcanist (D:14)
  5 orc knights
  7 harpies (Shoals:3)
  A swamp dragon (Lair:5)
  A deep elf pyromancer (D:15)
  A wolf spider (Lair:5)
  2 oklob plants
  18 manticores
  An orc sorcerer (Orc:1)
  18 ugly things
  9 elephants
  6 fauns (Shoals:1)
  4 cyclopes
  A meliai (shapeshifter) (D:13)
  10 merfolk sirens
  Joseph (D:7)
  4 black mambas
  5 water nymphs
  9 cane toads
  3 gargoyles
  A torpor snail (Lair:2)
  An unseen horror (D:13)
  2 rime drakes
  13 komodo dragons
  6 yaktaurs (D:15)
  A freezing wraith (D:15)
  2 efreet (D:14)
  2 tengu conjurers
  8 trolls
  30 merfolk
  12 polar bears
  6 wind drakes
  A tarantella (shapeshifter) (D:15)
  A glass eye (Depths:1)
  11 snapping turtles
  17 blink frogs
  A raiju (Lair:5)
  A tarantella (Lair:2)
  Prince Ribbit (Bailey)
  3 dream sheep (Lair:2)
  A slime creature (D:14)
  A centaur simulacrum (D:14)
  4 shadows
  2 wyverns (Lair:2)
  5 water elementals
  A hog (D:14)
  2 wraiths (D:12)
  3 humans (Bailey)
  4 basilisks
  2 fire elementals (Lair:2)
  26 yaks
  10 wargs
  7 steam dragons
  5 vampire mosquitoes (D:14)
  15 water moccasins
  An acid dragon (Lair:5)
  A sky beast (D:7)
  18 orc warriors
  14 hell hounds (Lair:5)
  A swamp drake (Lair:5)
  16 black bears
  An ice beast (D:7)
  37 wolves
  24 ogres
  9 centaurs
  24 bullfrogs
  Blork the orc (D:4)
  A gnoll sergeant (D:9)
  5 scorpions
  2 burial acolytes (Ossuary)
  38 wights
  10 killer bees
  3 electric eels
  6 howler monkeys
  6 bombardier beetles
  2 jellies
  8 lava snakes
  2 quasits (D:7)
  17 orc priests
  2 hounds (D:5)
  A gnoll bouda (D:10)
  2 sleepcaps
  10 iguanas
  10 orc wizards
  9 gnolls
  10 adders
  3 shadow imps
  4 white imps
  4 ufetubi
  An adder skeleton (Ossuary)
  6 dart slugs
  4 ribbon worms
  60 orcs
  3 bats
  8 endoplasms
  4 giant cockroaches
  12 goblins
  12 hobgoblins
  4 jackals
  3 quokkas
  6 ball pythons
  2 ball python skeletons (Ossuary)
  5 frilled lizards
  A hobgoblin skeleton (Ossuary)
  5 kobolds
  4 kobold skeletons (Ossuary)
  An orc skeleton (Ossuary)
  11 rats
895 creatures vanquished.

Vanquished Creatures (collateral kills)
  A merfolk javelineer (Shoals:3)
  A water nymph (Shoals:2)
2 creatures vanquished.

Vanquished Creatures (others)
  A harpy (Shoals:3)
  A manticore (Shoals:4)
  A merfolk (Shoals:4)
  3 humans (D:14)
  An iguana (Lair:5)
7 creatures vanquished.

Grand Total: 904 creatures vanquished

Notes
Turn   | Place    | Note
-------+----------+-------------------------------------------
     0 | D:1      | octoduck the Troll Fighter began the quest for the Orb.
     0 | D:1      | Reached XP level 1. HP: 22/22 MP: 0/0
   155 | D:1      | Reached XP level 2. HP: 29/29 MP: 1/1
   887 | D:1      | Reached XP level 3. HP: 36/36 MP: 2/2
  1050 | D:2      | Found an opulent altar of Gozag.
  1313 | D:2      | Reached skill level 3 in Unarmed Combat
  1329 | D:2      | Found a runed translucent door.
  1330 | D:2      | Noticed Crazy Yiuf
  1460 | D:2      | Reached XP level 4. HP: 44/44 MP: 3/3
  2446 | D:3      | Noticed a moth of wrath
  2449 | D:3      | Found a bloodstained altar of Trog.
  2516 | D:3      | Reached XP level 5. HP: 28/53 MP: 4/4
  2695 | D:3      | Reached skill level 4 in Unarmed Combat
  2833 | D:3      | Found an opulent altar of Gozag.
  2898 | D:3      | Found a broken altar of Ashenzari.
  3187 | D:4      | Reached XP level 6. HP: 61/61 MP: 5/5
  3547 | D:4      | Found Taothrem's Gadget Gallery.
  3555 | D:4      | Bought a wand of flame (9) for 88 gold pieces
  3696 | D:4      | Found a hazy altar of Hepliaklqana.
  3697 | D:4      | Found a shimmering altar of Xom.
  3697 | D:4      | Noticed a purple ugly thing
  3698 | D:4      | Noticed a spectral ugly thing
  3698 | D:4      | Noticed a cyan ugly thing
  3821 | D:4      | Reached skill level 5 in Unarmed Combat
  3866 | D:4      | Learned a level 2 spell: Blink
  4082 | D:4      | Noticed Blork the orc
  4100 | D:4      | Killed Blork the orc
  4101 | D:4      | Reached XP level 7. HP: 68/68 MP: 6/6
  4248 | D:5      | Entered Level 5 of the Dungeon
  4351 | D:5      | Found Rinuamaf's Armour Shoppe.
  4450 | D:5      | Found a white marble altar of Elyvilon.
  4846 | D:5      | Reached skill level 6 in Unarmed Combat
  4889 | D:5      | Reached XP level 8. HP: 78/78 MP: 7/7
  4976 | D:5      | Found a staircase to the Ecumenical Temple.
  4982 | Temple   | Entered the Ecumenical Temple
  5003 | Temple   | Became a worshipper of the Wu Jian Council
  5187 | D:5      | Found a burning altar of Makhleb.
  5189 | D:5      | Found a glowing silver altar of Zin.
  5189 | D:5      | Noticed an angel
  5190 | D:5      | Noticed a blizzard demon
  5678 | D:6      | Reached skill level 5 in Shields
  5843 | D:5      | Reached skill level 7 in Unarmed Combat
  5990 | D:6      | Found a radiant altar of Vehumet.
  6665 | D:6      | Found a glowing golden altar of the Shining One.
  6801 | D:6      | Reached skill level 5 in Fighting
  6801 | D:6      | Reached skill level 5 in Dodging
  6801 | D:6      | Reached XP level 9. HP: 78/88 MP: 8/8
  7026 | D:7      | Identified the flux talisman "Guhib Cud" {rN+++ Str-2
                  | Dex+6}
  7118 | D:7      | Reached skill level 8 in Unarmed Combat
  7237 | D:7      | Reached * piety under Wu Jian
  7354 | D:7      | Found a sand-covered staircase.
  7358 | D:7      | Noticed Joseph
  7368 | D:7      | Killed Joseph
  7383 | Ossuary  | Entered an ossuary
  8038 | D:7      | Reached skill level 9 in Unarmed Combat
  8395 | D:8      | Reached ** piety under Wu Jian
  8451 | D:8      | Found a blossoming altar of Fedhas.
  8481 | D:8      | Found a snail-covered altar of Cheibriados.
  8712 | D:8      | Found a staircase to the Lair.
  8739 | D:8      | Reached XP level 10. HP: 92/98 MP: 9/9
  8802 | D:8      | Noticed a two-headed ogre
  8831 | D:8      | Killed a two-headed ogre
  9128 | D:8      | Noticed Erica
  9155 | D:8      | Killed Erica
  9156 | D:8      | Reached skill level 10 in Unarmed Combat
  9673 | D:9      | Found a flagged portal.
  9694 | Bailey   | Entered a bailey
  9722 | Bailey   | Reached *** piety under Wu Jian
  9842 | Bailey   | Noticed Prince Ribbit
  9842 | Bailey   | Noticed a vault guard
  9861 | Bailey   | Killed Prince Ribbit
  9862 | Bailey   | Reached skill level 11 in Unarmed Combat
  9875 | Bailey   | Killed a vault guard
  9876 | Bailey   | Reached XP level 11. HP: 99/107 MP: 10/10
  9950 | Bailey   | Noticed a vault guard
  9993 | Bailey   | Killed a vault guard
 10723 | D:10     | Entered Level 10 of the Dungeon
 10733 | D:10     | Noticed a tengu warrior
 10779 | Lair:1   | Entered Level 1 of the Lair of Beasts
 10802 | Lair:1   | Reached **** piety under Wu Jian
 10833 | Lair:1   | Learned a level 2 spell: Lesser Beckoning
 11130 | Lair:1   | Found a runed translucent gate.
 11130 | Lair:1   | Found a runed translucent gate.
 11131 | Lair:1   | Found a runed translucent gate.
 11132 | Lair:1   | Noticed a skyshark
 11150 | Lair:1   | Reached skill level 1 in Translocations
 11387 | Lair:1   | Noticed Taxzan's ghost (journeyman MiGl)
 11389 | Lair:1   | Noticed a minotaur
 11426 | Lair:1   | Reached skill level 1 in Spellcasting
 11589 | Lair:1   | Reached skill level 12 in Unarmed Combat
 11807 | Lair:1   | Found a broken altar of Ashenzari.
 11912 | Lair:1   | Reached XP level 12. HP: 119/119 MP: 13/13
 12516 | Lair:2   | Reached ***** piety under Wu Jian
 13117 | Lair:2   | Found a hole to the Spider Nest.
 13134 | Lair:2   | Reached skill level 13 in Unarmed Combat
 13806 | Lair:3   | Noticed a death yak
 13806 | Lair:3   | Noticed a death yak
 13806 | Lair:3   | Noticed a death yak
 13807 | Lair:3   | Noticed a death yak
 14011 | Lair:3   | Noticed a seven-headed hydra
 14499 | Lair:4   | Noticed a six-headed hydra
 14686 | Lair:4   | Identified the +10 long sword of Duty {flame, rN+}
 14738 | Lair:4   | Noticed a death yak
 14779 | Lair:4   | Reached XP level 13. HP: 107/128 MP: 16/16
 15277 | Lair:3   | You fall into a shaft and drop 2 floors!
 15277 | Lair:5   | Entered Level 5 of the Lair of Beasts
 15935 | Lair:3   | Found a staircase to the Shoals.
 16285 | Lair:4   | Found a staircase to the Slime Pits.
 16414 | Lair:5   | Reached skill level 14 in Unarmed Combat
 17845 | Lair:5   | Reached skill level 10 in Shields
 18228 | Lair:5   | Reached XP level 14. HP: 140/140 MP: 17/17
 18270 | Lair:5   | Reached skill level 5 in Translocations
 19972 | D:10     | Noticed Urug
 19990 | D:10     | Killed Urug
 19990 | D:10     | Reached ****** piety under Wu Jian
 20278 | D:10     | Reached skill level 15 in Unarmed Combat
 20646 | D:10     | Identified the ring of Kuatritt {rF+ rC+ Stlth+}
 20992 | D:10     | Found a staircase to the Orcish Mines.
 21149 | Orc:1    | Entered Level 1 of the Orcish Mines
 21648 | Orc:2    | Entered Level 2 of the Orcish Mines
 21715 | Orc:2    | Found a staircase to the Elven Halls.
 22027 | Orc:2    | Noticed Rupert
 22445 | D:11     | Identified the +0 plate armour of Mogiy {Int+2 Dex+3
                  | Slay+3}
 23088 | D:12     | Found Sitaewaiko's CLEARANCE SALE!.
 23599 | D:12     | Reached skill level 10 in Fighting
 23854 | D:12     | Noticed Sonja
 23862 | D:12     | Killed Sonja
 23915 | D:12     | Reached skill level 16 in Unarmed Combat
 24242 | D:13     | Noticed Jorgrun
 24254 | D:13     | Killed Jorgrun
 24812 | D:13     | Reached XP level 15. HP: 115/149 MP: 18/18
 25281 | D:14     | Noticed Kirke
 25304 | D:14     | Killed Kirke
 25953 | D:14     | Found a gate to the Vaults.
 26503 | D:15     | Entered Level 15 of the Dungeon
 26564 | D:14     | Identified a scroll of acquirement
 26565 | D:14     | Acquired 512 gold pieces
 26575 | D:14     | Reached skill level 17 in Unarmed Combat
 26757 | D:4      | Bought a phantom mirror for 560 gold pieces
 26757 | D:4      | Bought a wand of paralysis (4) for 134 gold pieces
 26757 | D:4      | Bought a wand of light (6) for 352 gold pieces
 26931 | Shoals:1 | Entered Level 1 of the Shoals
 27107 | Shoals:1 | Reached skill level 1 in Throwing
 29479 | Shoals:3 | Noticed Mlioglotl
 29503 | Shoals:3 | Identified the serpent talisman of Qumpuc {Str-3 Dex+5}
 29503 | Shoals:3 | Noticed Aizul
 29517 | Shoals:2 | Killed Aizul
 29518 | Shoals:2 | Reached XP level 16. HP: 138/162 MP: 15/19
 29558 | Shoals:3 | Found Careaniy's Firing Range.
 29638 | Shoals:3 | Killed Mlioglotl
 29661 | Shoals:3 | Noticed Ilsuiw
 29664 | Shoals:3 | Reached skill level 18 in Unarmed Combat
 29673 | Shoals:3 | Killed Ilsuiw
 30404 | Shoals:4 | Entered Level 4 of the Shoals
 31914 | Shoals:4 | Reached skill level 5 in Throwing
 31936 | Shoals:4 | Identified the +5 short sword of Fiungaol {pain, Dex+3}
 32277 | Shoals:4 | Identified the +0 pair of gloves "Wemmei" {^Drain Regen+
                  | Dex+3 Slay+2}
 32432 | Shoals:4 | Got a barnacled rune of Zot
 32819 | Shoals:4 | Identified the +0 ring mail "Miskomoffa" {Str+3}
 33570 | D:10     | Killed Rupert
 33625 | Orc:2    | Reached skill level 19 in Unarmed Combat
 33659 | Orc:2    | Reached XP level 17. HP: 172/172 MP: 20/20
 34005 | Orc:2    | Found Xaon Noh's Antique Armour Shop.
 34005 | Orc:2    | Found Geros's Weapon Emporium.
 34005 | Orc:2    | Found Danih's Book Shoppe.
 34005 | Orc:2    | Found Nommocs's Assorted Antiques.
 34014 | Orc:2    | Bought a jewelled cloak for 247 gold pieces
 34014 | Orc:2    | Identified the +0 cloak of Vuaptoce {rF+ rC+} (You bought
                  | it in a shop on level 2 of the Orcish Mines)
 35701 | D:15     | Identified the +3 quarterstaff "Iwikown" {speed, rPois
                  | rCorr}
 35758 | D:15     | Found a staircase to the Depths.
 36026 | D:15     | Found a shimmering blue altar of Sif Muna.
 36322 | Depths:1 | Entered Level 1 of the Depths
 36527 | Depths:1 | Found a snail-covered altar of Cheibriados.
 36666 | Depths:1 | Found a gateway to Hell.
 36721 | Depths:1 | Found a stormy altar of Qazlal.
 36780 | Depths:1 | Found a one-way gateway to a ziggurat.
 37125 | Depths:1 | Found a one-way gate leading to the halls of Pandemonium.
 37157 | Depths:1 | Identified the +1 flail of the Lair of Beasts {antimagic,
                  | rF++ Will+}
 37386 | Depths:1 | HP: 7/175 [ice dragon/blast of cold (12)]
 37386 | Depths:1 | Mangled by a deep troll

Illustrated notes

Levels and vault maps discovered:
D:1:      co_arrival_square_in_a_square_in_a_square, layout_loops_cross,
          minmay_misc_feat_roman
D:2:      layout_basic, serial_bayou, serial_bayou_shore_b, serial_bayou_pond_d,
          serial_bayou_shore_b, serial_bayou_crossing, basic_altar,
          minmay_box_of_dots, uniq_crazy_yiuf_cottage
D:3:      layout_basic, nicolae_overflow_crystal_walls, old_standard_altar,
          tgw_trog, grunt_decor_one_mirror, chequers_arboretum
D:4:      layout_basic, regret_index_temple_of_mockery, nicolae_shop_gadgets,
          uniq_blork_the_orc
D:5:      minmay_recursive_quarters, layout_rooms,
          grunt_temple_overflow_order_and_chaos_2, mainiacjoe_overflow_brackets,
          minmay_temple_entry_enclosed_plants, serial_shops, shop
D:6:      layout_loops_ring, mainiacjoe_overflow_catwalk, tso_altar,
          lemuel_flame_loot_1
D:7:      layout_cave_pods, enter_ossuary_1, serial_demonic, serial_demonic_c,
          serial_demonic_f, serial_demonic_b, serial_demonic_c, uniq_joseph
D:8:      layout_basic, mainiacjoe_overflow_boulevard, old_standard_altar,
          lair_entry_dummy, hex_large, uniq_erica
D:9:      layout_basic, enter_bailey_3
D:10:     layout_basic, orc_0_dummy, hangedman_decor_opposing,
          grunt_decor_junction, minmay_increasing_density, uniq_urug
D:11:     layout_small_grid
D:12:     layout_roguey, serial_corexii_hall, corexii_hall_statues_t,
          corexii_hall_statues_i, nicolae_shop_clearance, uniq_sonja
D:13:     layout_long_grid, uniq_jorgrun
D:14:     layout_loops_corners, david_vaults_1, chequers_serial_rivers_micro_d,
          uniq_kirke
D:15:     grunt_enter_depths_hoard, layout_basic, minmay_misc_feat_four_crosses,
          kennysheep_orc_sif_temple
Temple:   dpeg_chambers_temple
Lair:1:   layout_long_grid, basic_altar, maelrawn_ghost_gauntlet_escape,
          grunt_megastairs_3, lemuel_fruit_tree
Lair:2:   layout_gridlike, nicolae_spider_entry_lesser_pyramids
Lair:3:   layout_regular_city, mainiacjoe_shoals_entry_four_pools
Lair:4:   layout_loops_ring, slime_entry_1, beast_lair_carwin_7
Lair:5:   guppyfry_lair_end_dragon, layout_small_grid,
          hangedman_lair_caniforms_friends
Shoals:1: layout_shoals, nicolae_shoals_dead_sea_scrolls
Shoals:2: layout_shoals, nicolae_shoals_goliath_grotto
Shoals:3: layout_shoals, nicolae_shop_firing_range, uniq_mlioglotl, uniq_ilsuiw,
          uniq_aizul
Shoals:4: shoals_end_simple, layout_shoals, shoals_ilsuiw_alternative
Orc:1:    layout_caves
Orc:2:    st_orc_ogre_mass, layout_caves, mines3_lemuel, uniq_rupert
Depths:1: layout_gridlike, enter_ziggurat_e, nicolae_qazlal_general_emergency,
          pf_hell_entry_tar_spiral, rand_demon_pan_entry_8, grunt_ministairs_4,
          slow_altar_1

Skill      XL: |  1  2  3  4  5  6  7  8  9 10 11 12 13 14 15 16 |
---------------+-------------------------------------------------+-----
Shields        | 3 4 5 6 7 8 9 10 11 12 13 | 13.5
Unarmed Combat | 3 4 5 6 7 9 11 12 13 14 16 17 19 | 19.9
Fighting       | 3 4 5 6 7 8 9 10 11 12 | 12.6
Dodging        | 3 4 5 6 7 8 9 |  9.9
Translocations | 2 3 4 5 |  5.5
Spellcasting   | 1 3 |  3.3
Throwing       | 3 5 |  5.5

Action                     |  1- 3 |  4- 6 |  7- 9 | 10-12 | 13-15 | 16-18 || total
---------------------------+-------+-------+-------+-------+-------+-------++-------
  Melee: Unarmed           |    87 |   168 |   295 |   700 |  1498 |   695 ||  3443
         Scimitar          |       |       |       |       |     8 |     7 ||    15
  Throw: Dart              |     2 |     2 |       |       |     7 |     2 ||    13
         Javelin           |       |       |       |       |     1 |     9 ||    10
   Cast: Blink             |       |       |       |       |     2 |       ||     2
         Lesser Beckoning  |       |       |       |       |     1 |     5 ||     6
 Invoke: Serpent's Lash    |       |       |       |     2 |     4 |     3 ||     9
         Heavenly Storm    |       |       |       |       |       |     2 ||     2
Ability: Lunge             |       |       |    32 |    63 |   145 |    71 ||   311
         Whirlwind         |       |       |     4 |   121 |   161 |   145 ||   431
  Evoke: Wand              |       |       |       |    22 |    16 |     7 ||    45
         Phantom mirror    |       |       |       |       |     1 |     1 ||     2
    Use: Scroll            |     5 |     2 |     4 |     9 |    19 |     4 ||    43
         Potion            |       |     2 |     1 |       |     4 |     1 ||     8
   Stab: Distracted        |       |       |     1 |       |       |       ||     1
         Sleeping          |       |       |     2 |     1 |     1 |       ||     4
         Paralysed         |       |       |       |     7 |     9 |       ||    16
         Invisible         |       |       |       |     1 |       |     1 ||     2
         Fleeing           |       |       |       |       |     1 |       ||     1
 Armour: Robe              |    40 |    65 |   109 |       |       |       ||   214
         Steam dragon scal |       |       |     8 |   231 |   184 |       ||   423
         Ice dragon scales |       |       |       |       |   458 |   297 ||   755
         Acid dragon scale |       |       |       |       |     2 |       ||     2
         Fire dragon scale |       |       |       |       |       |    19 ||    19
  Dodge: Dodged            |    17 |    34 |   100 |   312 |   632 |   246 ||  1341
  Block: Kite shield       |    18 |    58 |   124 |   337 |   712 |   352 ||  1601
         Reflection        |       |       |       |       |       |    10 ||    10
